 Dungeon Crawl Stone Soup version 0.28-b1-1-g3c77fb2ed1 (webtiles) character file.

Game seed: 1858085201001967166

15 Minsecho the Vexing (level 2, -2/27 HPs)
             Began as an Ogre Arcane Marksman on Jan 31, 2022.
             Killed from afar by a steam dragon (7 damage)
             ... with a ball of steam
             ... on level 3 of the Dungeon.
             The game lasted 00:03:02 (2148 turns).

Minsecho the Vexing (Ogre Arcane Marksman)          Turns: 2148, Time: 00:03:03

Health: -2/27      AC:  3    Str: 13    XL:     2   Next: 50%
Magic:  3/4        EV: 10    Int: 14    God:
Gold:   135        SH:  0    Dex:  9    Spells: 3/4 levels left

rFire   + . .      SeeInvis .   i - +0 falchion
rCold   . . .      Faith    .   (no shield)
rNeg    . . .      Spirit   .   a - +0 robe
rPois   .          Reflect  .   (helmet restricted)
rElec   .          Harm     .   (no cloak)
rCorr   .          Rampage  .   (gloves unavailable)
Will    .....                   (boots unavailable)
Stlth   +.........              (no amulet)
HPRegen 0.09/turn               h - ring of protection from fire
MPRegen 0.09/turn               (no ring)

@: no status effects
A: large, unfitting armour, tough skin 1
a: no special abilities


You were on level 3 of the Dungeon.
You visited 1 branch of the dungeon, and saw 3 of its levels.

You collected 135 gold pieces.

Inventory:

Hand Weapons
 e - a +1 antimagic whip
 i - a +0 falchion (weapon)
Missiles
 c - 2 throwing nets
 j - 4 large rocks (quivered)
 k - 2 datura-tipped darts
Armour
 a - a +0 robe (worn)
Jewellery
 h - a ring of protection from fire (left hand)
Wands
 f - a wand of digging (4)
Scrolls
 b - a scroll of identify
 d - a scroll of torment
Potions
 g - a potion of curing


   Skills:
 + Level 1.3 Fighting
 + Level 2.0 Throwing
 + Level 2.1 Dodging
 + Level 0.4 Stealth
 + Level 1.7 Spellcasting
 + Level 2.9 Hexes


You had 3 spell levels left.
You knew the following spells:

 Your Spells              Type           Power      Damage    Failure   Level
a - Slow                  Hex            36%        N/A       8%          1

Your spell library contained the following spells:

 Spells                   Type           Power      Damage    Failure   Level
 Inner Flame              Hex/Fire       5%         N/A       38%         3
 Portal Projectile        Hex/Tloc       10%        N/A       38%         3
 Cause Fear               Hex            4%         N/A       58%         4
 Fulminant Prism          Conj/Hex       2%         3d6       80%         4
 Iskenderun's Mystic Bla  Conj/Tloc      1%         2d3       94%         4
 Lee's Rapid Deconstruct  Erth           0%         3d5*      100%        5


Dungeon Overview and Level Annotations

Branches:
Dungeon (3/15)

Altars:

Shops:
D:1 ((


Innate Abilities, Weirdness & Mutations

You are too large for most types of armour.
You have tough skin. (AC +1)


Message History

You now have 135 gold pieces (gained 10).
Done exploring.
Done exploring.
Done exploring.
(D) Dungeon
Where to? (Enter - D:2, ? - help)
There is a stone staircase leading down here.
You climb downwards.
You hear the sound of rushing water.
There is an entrance to a sewer on this level.
Hurry and find it before the portal rusts away!
There is a stone staircase leading up here.
There is a stone staircase leading up here.
A steam dragon comes into view.
The steam dragon hisses angrily.
The steam dragon breathes steam at you. The ball of steam hits you. You resist.
The steam dragon moves out of view.
As you read the scroll labelled UFAYRIBUWK, it crumbles to dust.
It is a scroll of identify.
g - a potion of curing
Casting: Slow (safe; 8% risk of failure)
Confirm with . or Enter, or press ? or * to list all spells.
Aiming: Slow (safe; 8% risk of failure)
Press: ? - help, Shift-Dir - straight line, f - steam dragon
Aim: a steam dragon (steam, catching its breath, chance to affect: 47%)
The steam dragon resists with some effort.
The steam dragon bites you! The steam dragon claws you.
Casting: Slow (safe; 8% risk of failure)
Confirm with . or Enter, or press ? or * to list all spells.
Aiming: Slow (safe; 8% risk of failure)
Press: ? - help, Shift-Dir - straight line, f/p - steam dragon
Aim: a steam dragon (chance to affect: 47%)
The steam dragon seems to slow down.
The steam dragon breathes steam at you. The ball of steam hits you. You resist.
* * * LOW HITPOINT WARNING * * *
The steam dragon is no longer moving slowly.
There is a stone staircase leading up here.
The steam dragon breathes steam at you. The ball of steam hits you! You resist.
You die...

######## ..
#......# #
#..^###.#.##.##.##
...........D.....#
#...###.#.##.##.##
# #@####.# #
#.ยงยง.D.#
########


There were no monsters in sight!

Vanquished Creatures
  2 bats (D:1)
  3 endoplasms
  2 hobgoblins (D:2)
  A quokka (D:1)
  A ball python (D:1)
  2 frilled lizards (D:1)
  2 kobolds (D:2)
  A rat (D:1)
14 creatures vanquished.

Notes
Turn   | Place    | Note
-------+----------+-------------------------------------------
     0 | D:1      | Minsecho the Ogre Arcane Marksman began the quest for the
                  | Orb.
     0 | D:1      | Reached XP level 1. HP: 19/19 MP: 2/2
   471 | D:1      | Found Xeodymas's Antique Weapon Shoppe.
   706 | D:1      | Found Ipnesm's Weapon Boutique.
   770 | D:1      | Reached XP level 2. HP: 27/27 MP: 4/4
  1779 | D:2      | Found a faded altar of an unknown god.
  2129 | D:3      | Noticed a steam dragon
  2148 | D:3      | Killed from afar by a steam dragon

Illustrated notes

Levels and vault maps discovered:
D:1:      dpeg_arrival_boxes_within_box, layout_basic, serial_shops,
          nicolae_shop_behind_doors, nicolae_shop_waterfront
D:2:      layout_rooms, dreamdust_ecumenical_altar_angels_and_demons,
          kennysheep_decorative_pillar
D:3:      layout_loops_cross, cheibrodos_sewer_entry_drain,
          amcnicky_mini_corridor_feature

Skill      XL: |  1 |
---------------+----+-----
Dodging        | 2 |  2.1
Fighting       | |  1.3
Throwing       | |  2.0
Stealth        | |  0.4
Spellcasting   | |  1.7
Hexes          | |  2.9

Action                   || total
-------------------------++-------
Melee: Unarmed           ||    55
       Falchion          ||     5
Throw: Large rock        ||    17
 Cast: Slow              ||    12
  Use: Scroll            ||     2
Armor: Robe              ||    23
Dodge: Dodged            ||    47
